 Dungeon Crawl Stone Soup version 0.32-a0-306-gfed3edf829 (webtiles) character file.

Game seed: 10211768641494014687

80350 holysushi the Spry (level 15, -11/77 HPs)
             Began as a Vine Stalker Monk on Feb 15, 2024.
             Was the Champion of Beogh.
             Killed by divine providence
             ... invoked by an orc high priest
              (13 damage)
             ... while paralysed by an orc sorcerer
             ... on level 2 of the Orcish Mines.
             The game lasted 00:42:36 (19518 turns).

holysushi the Spry (Vine Stalker Monk)             Turns: 19518, Time: 00:42:37

Health: -11/77     AC:  6    Str: 15    XL:     15   Next: 66%
Magic:  0/26       EV:  2    Int: 10    God:    Beogh [******]
Gold:   995        SH:  0    Dex: 29    Spells: 28/28 levels left

rFire   + . .        S - +6 quick blade (flame)
rCold   + . .        U - +0 buckler
rNeg    . . .        v - +2 robe of the Old and Reckless {Rampage rPois Regen+}
rPois   +            (no helmet)
rElec   .            y - scarf {rC+ rF+}
rCorr   .            X - +0 pair of gloves
SInv    .            l - +0 pair of boots
Will    +....        W - amulet of magic regeneration
Stlth   +++++++      N - +5 ring of evasion
HPRegen 1.92/turn    R - +6 ring of dexterity
MPRegen 0.60/turn

%: guardian spirit, rampage
@: paralysed, studying Fighting
A: walk on water, fangs 3, regeneration 1, magic shield, antimagic bite, no
potion heal 2
a: Renounce Religion, Smiting, Recall Apostles, Blood for Blood, Dismiss Nordag,
warrior, Dismiss Ugrim, priest, Dismiss Bogbarth, wizard


You were on level 2 of the Orcish Mines.
You worshipped Beogh.
Beogh was exalted by your worship.
You visited 3 branches of the dungeon, and saw 22 of its levels.
You also visited: Ossuary and Volcano.

You collected 2330 gold pieces.
You spent 1335 gold pieces at shops.

Inventory:

Hand Weapons
 a - the +9 short sword "Gyub" {flame, rElec rPois SInv}
   (You found it on level 4 of the Dungeon)

   rElec:     It insulates you from electricity.
   rPois:     It protects you from poison SInv: It lets you see invisible.
 b - a +0 orcbow of flaming
 d - a +7 demon trident
 Q - a +1 short sword of venom
 S - a +6 quick blade of flaming (weapon)
Missiles
 w - 6 throwing nets (quivered)
Armour
 l - a +0 pair of boots (worn)
 v - the +2 robe of the Old and Reckless (worn) {Rampage rPois Regen+}
   (You bought it in a shop on level 1 of the Dungeon)

   rPois:     It protects you from poison Regen+: It increases your rate of
   health regeneration.
   Rampage:   It bestows one free step when moving towards enemies.
 y - a scarf of resistance (worn)
 E - a +2 robe of willpower
 K - a +0 kite shield
 U - a +0 buckler (worn)
 X - a +0 pair of gloves (worn)
Jewellery
 i - a ring of fire
 s - a +4 ring of protection
 u - a ring of protection from fire
 N - a +5 ring of evasion (left hand)
 P - a ring of protection from cold
 R - a +6 ring of dexterity (right hand)
 W - an amulet of magic regeneration (around neck)
Wands
 n - a wand of polymorph (5)
 D - a wand of flame (8)
 F - a wand of acid (15)
 J - a wand of iceblast (13)
 L - a wand of charming (6)
 Z - a wand of mindburst (18)
Scrolls
 j - 10 scrolls of identify
 k - 2 scrolls of torment
 p - 2 scrolls of fear
 q - 8 scrolls of immolation
 t - 3 scrolls of enchant armour
 B - a scroll of vulnerability
 G - 5 scrolls of teleportation
 H - a scroll of revelation
 V - 2 scrolls of fog
 Y - 2 scrolls of blinking
Potions
 c - 3 potions of ambrosia
 e - a potion of invisibility
 f - 12 potions of curing
 g - 6 potions of attraction
 h - 5 potions of brilliance
 m - a potion of mutation
 o - a potion of degeneration
 r - 6 potions of enlightenment
 x - a potion of might
 z - a potion of resistance
 A - 7 potions of haste
 C - 3 potions of lignification
 I - 3 potions of berserk rage
 M - 4 potions of cancellation
 O - 3 potions of magic
 T - 4 potions of heal wounds


   Skills:
 - Level 8.0 Fighting
 - Level 10.1 Short Blades
 - Level 15.0 Dodging
 + Level 14.7 Stealth
 - Level 4.0 Shields
 + Level 7.2 Spellcasting
 - Level 8.0 Invocations
 + Level 4.3 Evocations


You had 28 spell levels left.
You didn't know any spells.
Your spell library contained the following spells:

 Spells                   Type           Power      Damage    Failure   Level
 Foxfire                  Conj/Fire      12%        2x1d4     24%         1
 Sting                    Conj/Alch      12%        1d3       24%         1
 Cigotuvi's Dreadful Rot  Necr/Alch/Air  6%         N/A       34%         2
 Ensorcelled Hibernation  Hex/Ice        6%         N/A       34%         2
 Mercury Vapours          Alch/Air       6%         N/A       34%         2
 Scorch                   Fire           6%         2d5       34%         2
 Call Canine Familiar     Summ           3%         N/A       56%         3
 Dazzling Flash           Conj/Hex       6%         N/A       56%         3
 Inner Flame              Hex/Fire       3%         N/A       56%         3
 Mephitic Cloud           Conj/Alch/Air  3%         N/A       56%         3
 Passwall                 Erth           3%         N/A       56%         3
 Sigil of Binding         Hex            3%         N/A       56%         3
 Swiftness                Air            3%         N/A       56%         3
 Volatile Blastmotes      Fire/Tloc      6%         2d10      56%         3
 Animate Dead             Necr           3%         N/A       93%         4
 Dimensional Bullseye     Hex/Tloc       1%         N/A       93%         4
 Dispel Undead            Necr           3%         3d7       93%         4
 Flame Wave               Conj/Fire      3%         2d5       93%         4
 Fulminant Prism          Conj/Alch      1%         3d5       93%         4
 Iskenderun's Mystic Bla  Conj/Tloc      3%         2d3       93%         4
 Martyr's Knell           Necr/Summ      3%         N/A       93%         4
 Olgreb's Toxic Radiance  Alch           3%         N/A       93%         4
 Passage of Golubria      Tloc           3%         N/A       93%         4
 Sticky Flame             Fire/Alch      3%         2d4       93%         4
 Vhi's Electric Charge    Tloc/Air       6%         N/A       93%         4
 Arcjolt                  Conj/Air       1%         1d11      100%        5
 Curse of Agony           Necr           3%         N/A       100%        5
 Silence                  Hex/Air        1%         N/A       100%        5
 Death Channel            Necr           1%         N/A       100%        6
 Plasma Beam              Fire/Air       1%         2x1d11    100%        6
 Summon Cactus Giant      Summ           1%         N/A       100%        6
 Haunt                    Necr/Summ      1%         N/A       100%        7
 Ignition                 Fire           1%         3d3       100%        8
 Infestation              Necr           1%         N/A       100%        8
 Lehudib's Crystal Spear  Conj/Erth      1%         10d2      100%        8
 Fire Storm               Conj/Fire      1%         8d1       100%        9


Dungeon Overview and Level Annotations

Branches:
Dungeon (15/15) Zot: 26000 Temple (0/1) D:7 Lair (5/5) D:8 Zot: 25290 Swamp (0/4) Lair:3 Snake (0/4) Lair:2 Slime (0/5) Lair:5 Orc (2/2) D:9 Zot: 11273 Elf (0/3) Orc:2 Vaults (0/5) D:13 D:14 Depths (0/4) D:15 Ossuary (visited) Volcano (visited)

Altars:
Cheibriados
Elyvilon
Kikubaaqudgha
Makhleb
Okawaru
Qazlal
Trog
Vehumet
Wu Jian
Yredelemnul
Zin
Jiyva

Shops:
D:1 *   Orc:2 =?:![*

Portals:
Trove: D:14 (give +8 demon blade)

Annotations:
D:6 1 runed translucent door, Crazy Yiuf
D:13 Rupert
D:14 Roxanne
Lair:2 exclusion: 2 oklob plants
Lair:4 3 runed translucent doors, zeratav's ghost, journeyman OpSh


Innate Abilities, Weirdness & Mutations

You can walk on water.
Your facial features are unmistakably orcish.
You have razor-sharp teeth.
Your natural rate of healing is unusually fast.
When hurt, damage is shared between your health and your magic reserves.
Your bite disrupts and absorbs the magic of your enemies.
Potions cannot restore your health.


Message History

The orc sorcerer hits you but does no damage.
Something hits you.
The orc high priest utters an invocation to Beogh.
Send 'em back where they came from!
Your +0 war axe disappears in a puff of smoke!
The orc high priest invokes the aid of Beogh against you.
You easily resist.
The orc knight hits the orc priest with a +0 long sword!!
The orc priest dies!
The orc knight hits you with a +0 long sword.
The two-headed ogre shouts in stereo!
The two-headed ogre hits the orc warrior with a +0 giant club!!
The orc warrior dies!
The orc wizard hits the orc knight but does no damage.
The orc knight hits you with a +0 long sword.
You hear some strange, mumbled words.
A puff of flame appears from out of thin air!
The puff of flame hits you. You resist.
The orc sorcerer hits you with a +0 dagger!
The orc sorcerer hits you with a +0 dagger.
The orc high priest hits you from afar with a +0 glaive.
The orc high priest prays to Beogh.
The orc high priest barely misses the orc wizard.
Bogbarth mumbles some strange words.
Bogbarth conjures some foxfire!
Ugrim hits the orc sorcerer with the +4 flail of the Wilderness {freeze, Str+3}.
Ugrim freezes the orc sorcerer.
The sun demon hits you!!
You are engulfed in flames.
You resist.
Nordag hits the orc sorcerer with a +0 great sword of electrocution!
The orc wizard hits the orc knight but does no damage.
Something hits you but does no damage.
The orc high priest hits you with a +0 trident of pain.
You writhe in agony!
* * * LOW HITPOINT WARNING * * *
The orc knight hits you with a +0 long sword!!
* * * LOW HITPOINT WARNING * * *
The orc high priest mumbles some strange prayers to Beogh against you.
Beogh smites you!
You die...
Beogh appreciates the orc high priest's killing of a heretic priest.

.............# ##...#.##
...........o.#∩....∩#######
......[.....##......##
..........#.#.÷..÷...#
........[.#.#..o.o...#
..........###÷..§o...#
..........##...oo....#
..........##.3o3o{÷.÷#
......#....##.Oo@oo.#
......##...####oo..##
.......#.o..##vov..#
.....o.##...§o§§.###
........##..§§..##
..#......##...###
..........##### ........<..
...........


You could see 2 orc knights, 3 orc high priests, a two-headed ogre, a sun demon
(summoned), a ynoxinul (summoned), 2 orc sorcerers, an orc priest (strong), a
neutral orc knight (wandering), a neutral orc sorcerer (wandering, strong), a
neutral orc wizard (wandering, strong), the friendly Bogbarth the orc apostle,
the friendly Nordag the orc apostle and the friendly Ugrim the orc apostle.

Vanquished Creatures
  Kirke (Lair:3)
  Frances (D:14)
  Snorg (D:13)
  Josephine (D:14)
  Fannar (Lair:3)
  Harold (Lair:1)
  3 hydras
  4 centaur warriors
  Erica (Lair:1)
  3 boulder beetles
  2 tengu warriors
  2 two-headed ogres
  Urug (D:13)
  An orc apostle (D:13)
  A spark wasp zombie (D:15)
  A salamander mystic (Volcano)
  2 fire crabs (Lair:5)
  2 skeletal warriors
  2 orc knights (Orc:2)
  4 lindwurms (D:9)
  6 salamanders (Volcano)
  2 orc sorcerers (Orc:1)
  11 ugly things (D:14)
  2 cyclopes
  A meliai (shapeshifter) (D:13)
  3 manticores (D:14)
  A kobold blastminer (Orc:2)
  4 black mambas
  An elephant (Lair:3)
  6 cane toads
  An efreet (D:15)
  3 rime drakes
  A freezing wraith (D:12)
  13 komodo dragons
  A kobold demonologist (D:11)
  An ice devil (Lair:5)
  A tengu conjurer (D:14)
  A polar bear (Lair:4)
  Grinder (D:4)
  A queen bee (D:10)
  7 trolls
  A dream sheep (Lair:5)
  A water elemental (D:15)
  Sigmund (D:5)
  A shadow (D:9)
  3 vampires
  7 wraiths
  40 yaks
  4 wyverns
  4 basilisks
  6 vampire mosquitoes
  4 hogs (Lair:3)
  2 steam dragons (Lair:5)
  13 humans
  3 wargs
  Menkaure (D:5)
  2 hell hounds (Lair:5)
  Edmund (D:4)
  A naga (Lair:2)
  11 water moccasins
  Duvessa (D:6)
  6 orc warriors
  4 black bears
  6 wolves
  10 ogres
  6 centaurs
  2 phantoms
  4 kobold brigands
  10 bullfrogs
  Blork the orc (D:6)
  7 scorpions
  2 gnoll sergeants (D:9)
  Dowan (D:6)
  5 killer bees
  3 howler monkeys
  5 electric eels
  2 lava snakes
  4 centaur zombies (Ossuary)
  2 hounds
  2 bombardier beetles
  4 gnoll boudas (D:7)
  A jelly (D:6)
  A human zombie (Ossuary)
  9 iguanas
  A sleepcap (D:5)
  2 scorpion zombies (Ossuary)
  5 orc wizards
  3 mummies (Ossuary)
  30 gnolls
  12 adders
  A white imp (D:7)
  4 adder zombies (Ossuary)
  5 dart slugs
  3 ribbon worms
  20 orcs
  4 bats
  4 endoplasms
  4 giant cockroaches
  A gnoll zombie (Ossuary)
  9 hobgoblins
  3 jackals (D:5)
  20 kobolds
  4 quokkas
  3 ball pythons
  4 ball python zombies (Ossuary)
  3 frilled lizards
  12 goblins
  4 jackal zombies (Ossuary)
  3 orc zombies (Ossuary)
  A quokka zombie (D:4)
  3 rats
  A rat zombie (D:4)
476 creatures vanquished.

Vanquished Creatures (collateral kills)
  An eleionoma (Lair:3)
  A red draconian (Volcano)
  A fire dragon (Lair:5)
  3 hydras
  A two-headed ogre (D:12)
  A manticore (D:12)
  Maurice (D:11)
  3 elephants (Lair:3)
  A guardian serpent (D:12)
  A torpor snail (Lair:5)
  2 molten gargoyles (Lair:5)
  5 cane toads
  4 black mambas (Lair:5)
  A rime drake (Lair:4)
  2 komodo dragons
  A hellwing (Lair:5)
  A polar bear (Lair:3)
  2 trolls
  10 dream sheep (Lair:5)
  4 blink frogs (Lair:2)
  A vampire (D:11)
  A shadow (D:11)
  3 wyverns (Lair:5)
  A wraith (D:12)
  11 yaks
  A hog (Lair:3)
  2 basilisks
  A hell hound (Lair:5)
  A water moccasin (Lair:5)
  A black bear (D:8)
  2 orc warriors
  An ogre (Orc:1)
  5 wolves
  A bullfrog (D:9)
  A gnoll sergeant (D:11)
  6 killer bees
  4 electric eels
  6 howler monkeys
  4 lava snakes (Lair:5)
  An orc priest (Orc:2)
  An orc wizard (Orc:1)
  6 hell rats (Lair:5)
  A gnoll (D:11)
  4 ribbon worms (D:10)
  2 orcs (D:12)
  A kobold (D:9)
115 creatures vanquished.

Vanquished Creatures (others)
  5 orc apostles
  An orc warrior (Orc:2)
  2 orc priests
  An orc wizard (D:12)
  14 orcs
  73 foxfires
96 creatures vanquished.

Grand Total: 687 creatures vanquished

Notes
Turn   | Place    | Note
-------+----------+-------------------------------------------
     0 | D:1      | holysushi the Vine Stalker Monk began the quest for the
                  | Orb.
     0 | D:1      | Reached XP level 1. HP: 11/11 MP: 2/2
    77 | D:1      | Reached XP level 2. HP: 16/16 MP: 3/3
   241 | D:1      | Reached XP level 3. HP: 19/19 MP: 4/4
   475 | D:1      | Found Hued's Assorted Antiques.
   479 | D:1      | Bought a scroll labelled SACZEMIKKU for 22 gold pieces
   479 | D:1      | Bought a scroll labelled RIUTIH TURAILAI for 22 gold pieces
  1055 | D:2      | Reached XP level 4. HP: 20/23 MP: 5/5
  1744 | D:3      | Reached skill level 5 in Short Blades
  1744 | D:3      | Reached XP level 5. HP: 27/27 MP: 6/6
  2416 | D:4      | Found a sand-covered staircase.
  2424 | Ossuary  | Entered an ossuary
  2452 | Ossuary  | Reached XP level 6. HP: 18/32 MP: 5/7
  2518 | Ossuary  | Reached skill level 1 in Spellcasting
  2547 | Ossuary  | Reached XP level 7. HP: 35/35 MP: 8/10
  2588 | Ossuary  | Reached skill level 3 in Dodging
  2933 | D:4      | Found an ornate altar of the Wu Jian Council.
  2993 | D:4      | Noticed Edmund
  2993 | D:4      | Noticed Grinder
  3022 | D:4      | Killed Grinder
  3023 | D:4      | Reached skill level 4 in Dodging
  3023 | D:4      | Gained mutation: You have razor-sharp teeth. [Vine Stalker
                  | growth]
  3023 | D:4      | Reached XP level 8. HP: 34/39 MP: 11/11
  3039 | D:4      | Killed Edmund
  3188 | D:4      | You fall into a shaft and drop 3 floors!
  3251 | D:7      | Reached skill level 5 in Dodging
  3288 | D:6      | Noticed Blork the orc
  3297 | D:6      | Killed Blork the orc
  3439 | D:5      | Entered Level 5 of the Dungeon
  3491 | D:5      | Identified the +2 chain mail "Ranu" {Rampage Int+4}
  3561 | D:5      | Reached XP level 9. HP: 43/43 MP: 12/12
  3567 | D:5      | Noticed Sigmund
  3603 | D:5      | Killed Sigmund
  3825 | D:4      | Became a worshipper of Beogh the Shepherd
  3825 | D:4      | Reached * piety under Beogh
  3825 | D:4      | Reached ** piety under Beogh
  3926 | D:3      | Reached skill level 10 in Short Blades
  4112 | D:4      | Identified the +9 short sword "Gyub" {flame, rElec rPois
                  | SInv}
  4400 | D:1      | Bought a faintly humming robe for 125 gold pieces
  4400 | D:1      | Identified the +2 robe of the Old and Reckless {Rampage
                  | rPois Regen+} (You bought it in a shop on level 1 of the
                  | Dungeon)
  4610 | D:5      | Reached skill level 1 in Stealth
  4616 | D:5      | Reached skill level 1 in Invocations
  4699 | D:5      | Noticed Menkaure
  4704 | D:5      | Killed Menkaure
  5035 | D:6      | Noticed Dowan
  5047 | D:6      | Noticed Duvessa
  5064 | D:6      | Killed Duvessa
  5075 | D:6      | Killed Dowan
  5266 | D:6      | Reached skill level 6 in Dodging
  5652 | D:6      | Found a runed translucent door.
  5653 | D:6      | Noticed Crazy Yiuf
  5807 | D:7      | Found a staircase to the Ecumenical Temple.
  5821 | D:7      | Reached XP level 10. HP: 44/47 MP: 13/13
  5907 | D:7      | Found an iron altar of Okawaru.
  5913 | D:7      | Reached skill level 7 in Dodging
  6125 | D:7      | Reached *** piety under Beogh
  6196 | D:7      | Anointed Gorg the wizard as your apostle
  6296 | D:7      | Reached skill level 8 in Dodging
  6781 | D:8      | Found a basalt altar of Yredelemnul.
  6781 | D:8      | Found a stormy altar of Qazlal.
  6781 | D:8      | Found a glowing silver altar of Zin.
  6820 | D:8      | Found a staircase to the Lair.
  6834 | D:8      | Found an ancient bone altar of Kikubaaqudgha.
  7184 | D:9      | Reached skill level 9 in Dodging
  7265 | D:9      | Identified the +1 robe of Kaciz Koi {Harm rC+ Dex-4
                  | Archmagi}
  7265 | D:9      | Noticed Ortolf
  7276 | D:9      | Anointed Ortolf the wizard as your apostle
  7286 | D:9      | Reached skill level 10 in Dodging
  7294 | D:9      | Found a staircase to the Orcish Mines.
  7294 | D:9      | Reached **** piety under Beogh
  7304 | D:9      | Reached skill level 1 in Evocations
  7304 | D:9      | Reached XP level 11. HP: 39/52 MP: 14/14
  7608 | D:9      | Noticed a lindwurm
  7611 | D:9      | Noticed a lindwurm
  7614 | D:9      | Noticed a lindwurm
  7622 | D:9      | Noticed a lindwurm
  7629 | D:9      | Your ally Ortolf died
  8243 | D:9      | Killed a lindwurm
  8244 | D:9      | Reached skill level 5 in Invocations
  8258 | D:9      | Killed a lindwurm
  8259 | D:9      | Reached skill level 5 in Fighting
  8276 | D:9      | Killed a lindwurm
  8287 | D:9      | Killed a lindwurm
  8318 | D:9      | Identified the ring "Kixtix" {+Blink rN+ rCorr Dex-5
                  | Stlth+}
  8330 | D:9      | Identified the +0 ring mail "Yfal" {rF+ rCorr Str+3 SInv}
  8421 | D:10     | Entered Level 10 of the Dungeon
  8425 | D:10     | Found a radiant altar of Vehumet.
  8582 | D:10     | Noticed a two-headed ogre
  8598 | D:10     | Killed a two-headed ogre
  8637 | D:10     | Found a snail-covered altar of Cheibriados.
  8637 | D:10     | Found a bloodstained altar of Trog.
  8905 | D:10     | Reached skill level 5 in Stealth
  8915 | D:10     | Reached skill level 11 in Dodging
  9283 | D:11     | Reached XP level 12. HP: 60/60 MP: 16/16
  9302 | D:11     | Reached ***** piety under Beogh
  9315 | D:11     | Your ally Gorg died
  9340 | D:11     | Anointed Nordag the warrior as your apostle
  9386 | D:11     | Noticed Maurice
  9413 | D:11     | Killed Maurice
  9891 | D:12     | Noticed a boulder beetle
  9907 | D:12     | Reached skill level 12 in Dodging
  9915 | D:12     | Killed a boulder beetle
 10025 | D:12     | Noticed a boulder beetle
 10029 | D:12     | Killed a boulder beetle
 10123 | D:12     | Noticed a two-headed ogre
 10129 | D:12     | Killed a two-headed ogre
 10393 | D:12     | Noticed a two-headed ogre
 10397 | D:12     | Killed a two-headed ogre
 10640 | D:13     | Reached skill level 13 in Dodging
 10646 | D:13     | Noticed a centaur warrior
 10653 | D:13     | Killed a centaur warrior
 10722 | D:13     | Noticed a tengu warrior
 10739 | D:13     | Killed a tengu warrior
 10807 | D:13     | Noticed a centaur warrior
 10812 | D:13     | Killed a centaur warrior
 10863 | D:13     | Noticed Snorg
 10870 | D:13     | Killed Snorg
 10871 | D:13     | Reached XP level 13. HP: 63/63 MP: 19/19
 11059 | D:14     | Noticed Rupert
 11073 | D:14     | Noticed Urug
 11073 | D:14     | Found a gate to the Vaults.
 11074 | D:14     | Your ally Ortolf died
 11093 | D:14     | Your ally Gorg died
 11109 | D:13     | Pacified Urug
 11110 | D:13     | Killed Urug
 11120 | D:13     | Your ally Nordag died
 11672 | D:14     | Reached skill level 10 in Stealth
 11747 | D:14     | Noticed Frances
 11753 | D:14     | Killed Frances
 11754 | D:14     | Reached skill level 14 in Dodging
 11968 | D:14     | Noticed Roxanne
 12024 | D:14     | Found a white marble altar of Elyvilon.
 12355 | D:14     | Noticed Josephine
 12374 | D:14     | Killed Josephine
 12585 | D:14     | Reached skill level 15 in Dodging
 12595 | D:14     | Reached skill level 1 in Shields
 12598 | D:14     | Found a portal to a secret trove of treasure.
 12713 | D:15     | Entered Level 15 of the Dungeon
 12731 | D:15     | Reached ****** piety under Beogh
 12975 | D:15     | Reached XP level 14. HP: 61/68 MP: 18/21
 13114 | D:15     | Found a staircase to the Depths.
 13309 | Lair:1   | Entered Level 1 of the Lair of Beasts
 13333 | Lair:1   | Noticed Harold
 13351 | Lair:1   | Killed Harold
 13426 | Lair:1   | Found a gate leading to a gauntlet.
 13431 | Lair:1   | Identified the +4 flail of the Wilderness {freeze, Str+3}
 13470 | Lair:1   | Noticed Erica
 13487 | Lair:1   | Killed Erica
 13607 | Lair:1   | Anointed Ugrim the priest as your apostle
 14545 | Lair:2   | Found a staircase to the Snake Pit.
 14701 | Lair:2   | Identified the +2 leather armour of the Shining One's Envy
                  | {rElec rC- MP+9 Int+4}
 15004 | Lair:3   | Noticed Fannar
 15006 | Lair:3   | Killed Fannar
 15007 | Lair:3   | Reached skill level 5 in Spellcasting
 15438 | Lair:3   | Noticed Kirke
 15458 | Lair:3   | Killed Kirke
 15698 | Lair:3   | Found a staircase to the Swamp.
 15698 | Lair:3   | Noticed an eleionoma
 15704 | Lair:3   | Killed an eleionoma
 16113 | Lair:4   | Noticed an azure jelly
 16113 | Lair:4   | Noticed an azure jelly
 16113 | Lair:4   | Noticed an acid blob
 16113 | Lair:4   | Found a runed translucent gate.
 16113 | Lair:4   | Found a runed translucent gate.
 16113 | Lair:4   | Found a runed translucent gate.
 16360 | D:13     | Paralysed by Rupert for 2 turns
 16601 | Lair:4   | Noticed zeratav's ghost (journeyman OpSh)
 16602 | Lair:4   | Noticed an acid blob
 17082 | Lair:4   | Noticed a rockslime
 17083 | Lair:4   | Noticed an azure jelly
 17085 | Lair:4   | Noticed an azure jelly
 17085 | Lair:4   | Noticed an acid blob
 17086 | Lair:4   | Found a viscous altar of Jiyva.
 17149 | Lair:5   | Entered Level 5 of the Lair of Beasts
 17166 | Lair:5   | Identified a scroll of acquirement
 17170 | Lair:5   | Acquired a +4 quick blade of flaming
 17195 | Lair:5   | Reached XP level 15. HP: 42/75 MP: 14/25
 17427 | Lair:5   | Found a staircase to the Slime Pits.
 17432 | Lair:5   | Your ally Ortolf died
 17503 | Lair:5   | Anointed Bogbarth the wizard as your apostle
 17525 | Lair:5   | Found a viscous altar of Jiyva.
 17801 | Lair:5   | Found a dark tunnel.
 17807 | Volcano  | Entered a volcano
 17825 | Volcano  | Found a bloodstained altar of Trog.
 18349 | Lair:5   | Found a large runed translucent door.
 18352 | Lair:5   | Found a large runed translucent door.
 18378 | Lair:5   | Got Myerin's Papyrus of Conflagration
 18785 | Orc:1    | Entered Level 1 of the Orcish Mines
 19116 | Orc:2    | Entered Level 2 of the Orcish Mines
 19119 | Orc:2    | Found Jaqouhul's Magic Scroll Boutique.
 19126 | Orc:2    | Found Uhyqik's Jewellery Shop.
 19157 | Orc:2    | Bought a scroll of teleportation for 36 gold pieces
 19157 | Orc:2    | Bought a scroll of blinking for 90 gold pieces
 19244 | Orc:2    | Found a burning altar of Makhleb.
 19314 | Orc:2    | Found a staircase to the Elven Halls.
 19367 | Orc:2    | Found Nolodatz's Antique Armour Boutique.
 19389 | Orc:2    | Found Ackicuh's Book Shoppe.
 19398 | Orc:2    | Bought a manual of Fighting for 1040 gold pieces
 19515 | Orc:2    | Found Cod Duviru's Distillery.
 19515 | Orc:2    | Found Gioxkuh's General Store.
 19515 | Orc:2    | Paralysed by an orc sorcerer for 4 turns
 19518 | Orc:2    | HP: 2/77 [orc knight/+0 long sword (14)]
 19518 | Orc:2    | Killed from afar by an orc high priest

Illustrated notes

Levels and vault maps discovered:
D:1:      orjb1_lava_funnel, layout_basic, serial_shops, shop
D:2:      layout_loops_ring, serial_park_tiny_pond, minmay_surrounded
D:3:      layout_loops_ring, minmay_goblin_outpost
D:4:      layout_basic, nzn_wu_jian_contemplation, enter_ossuary_4, uniq_edmund,
          uniq_grinder
D:5:      layout_basic, chequers_serial_rivers_micro_e, chequers_mini_garden,
          uniq_sigmund, uniq_menkaure
D:6:      layout_loops_ring, minmay_crystal_room, st_stairs_10,
          uniq_blork_the_orc, uniq_duvessa, uniq_crazy_yiuf_cottage
D:7:      kennysheep_seaside_town, layout_basic, lemuel_round_altar,
          minmay_temple_entry_water_ring, amcnicky_mini_rare_corridor_liquid
D:8:      layout_basic, gammafunk_temple_overflow_forgotten, old_standard_altar,
          lair_entry_dummy, special_room [special_room_orc],
          chequers_serial_rivers_micro_d, chequers_garden
D:9:      layout_gridville, kennysheep_orc_monster_closet_entryway,
          minmay_lindwurm_lava
D:10:     layout_cave_pools, nicolae_vehumet_radiance,
          gammafunk_temple_overflow_pools, serial_bayou_ford_a, hive_lemuel
D:11:     layout_small_grid, uniq_maurice
D:12:     layout_basic, serial_glass, glass_columns_c, glass_columns_b,
          due_unseen_surprise, minivault_20, nrook_guardian_serpent_ordinary
D:13:     layout_big_octagon, uniq_snorg
D:14:     layout_loops_corners, david_vaults_3, elyvilon_altar_5, enter_trove_0,
          chequers_serial_rivers_small_a, amcnicky_mini_pool_medium,
          uniq_frances, uniq_roxanne, uniq_josephine
D:15:     gammafunk_depths_entry_grave, layout_basic, roderic_serpentine_path,
          lightli_wizard_tower
Lair:1:   layout_cellular_growth, gauntlet_entry_generic, grunt_megastairs_5,
          lemuel_fruit_tree, infiniplex_staircase_pool_2, serial_bayou_shore_b,
          uniq_harold, uniq_erica
Lair:2:   minmay_lair_oklob_tunnel, layout_concentric_octagons,
          guppyfry_snake_entry_garden
Lair:3:   beast_lair_carwin_large_3, layout_layer_cave,
          alex1729_swamp_entry_worm_eleionoma, uniq_kirke, uniq_fannar
Lair:4:   layout_misc_corridors, gammafunk_ghost_ooze
Lair:5:   cheibrodos_lair_end_hotspot, layout_regular_city, slime_entry_1,
          nicolae_volcano_entry_s_turn
Orc:1:    nicolae_orc_accident_1, layout_diamond_mine
Orc:2:    grunt_orc_tribal_feast, layout_caves, basic_altar, serial_shops,
          nicolae_lakefront_shop, shop, shop, shop, mines1_david

Skill      XL: |  1  2  3  4  5  6  7  8  9 10 11 12 13 14 15 |
---------------+----------------------------------------------+-----
Short Blades   | 3 4 5 6 7 9 10 | 10.1
Spellcasting   | 1 3 4 6 7 |  7.2
Dodging        | 4 5 6 10 11 13 15 | 15.0
Stealth        | 3 6 9 10 12 14 | 14.7
Invocations    | 3 5 7 8 |  8.0
Fighting       | 3 5 7 8 |  8.0
Evocations     | 1 2 4 |  4.3
Shields        | 1 4 |  4.0

Action                     |  1- 3 |  4- 6 |  7- 9 | 10-12 | 13-15 || total
---------------------------+-------+-------+-------+-------+-------++-------
  Melee: Short sword       |    86 |   143 |   417 |   493 |   650 ||  1789
         Bite              |    25 |    49 |   151 |   193 |   446 ||   864
         Quick blade       |       |       |       |       |   265 ||   265
   Fire: Orcbow            |       |       |       |    55 |       ||    55
 Invoke: Convert to Beogh  |       |       |     1 |       |       ||     1
         Recruit Apostle   |       |       |       |     3 |     2 ||     5
         Recall Apostles   |       |       |       |    10 |    11 ||    21
         Dismiss Apostle   |       |       |       |       |     2 ||     2
  Evoke: Wand              |       |       |       |    11 |     7 ||    18
    Use: Scroll            |     3 |       |    20 |     4 |    15 ||    42
         Potion            |       |       |       |     3 |     3 ||     6
   Stab: Sleeping          |       |     3 |     5 |    16 |    35 ||    59
         Distracted        |       |       |       |     9 |    14 ||    23
 Armour: Robe              |    49 |    73 |   213 |   166 |   189 ||   690
  Dodge: Dodged            |    41 |    96 |   273 |   308 |   510 ||  1228
  Block: Buckler           |       |       |       |    56 |   165 ||   221

Table legend: (Time is in decaauts)
 A = Elapsed time spent in this place.
 B = Non-inter-level travel time spent in this place.
 C = Inter-level travel time spent in this place.
 D = Time resting spent in this place.
 E = Time spent auto-exploring this place.
 F = Levels seen in this place.
 G = Mean time per level.
                   A        B        C        D        E       F      G
               +--------+--------+--------+--------+--------+-----+--------+
         Total |  18766 |  16897 |   1869 |   1272 |  10475 |  24 |  781.9 |
       Dungeon |  12773 |  11319 |   1454 |    952 |   7097 |  15 |  851.5 |
          Lair |   4709 |   4320 |    389 |    292 |   2736 |   5 |  941.8 |
  Orcish Mines |    725 |    700 |     25 |      0 |    542 |   2 |  362.5 |
       Ossuary |    418 |    418 |      0 |     19 |    100 |   1 |  418.0 |
       Volcano |    140 |    140 |      0 |      9 |      0 |   1 |  140.0 |
               +--------+--------+--------+--------+--------+-----+--------+

Top non-repeatable levels by time:
  Lair:5: 1270 daAuts
    D:12: 1195 daAuts
  Lair:3: 1155 daAuts
     D:9: 1149 daAuts
    D:14: 1058 daAuts
     D:1: 983 daAuts
     D:8: 974 daAuts
  Lair:1: 951 daAuts
     D:3: 920 daAuts
     D:6: 910 daAuts
    D:10: 899 daAuts
     D:2: 848 daAuts
     D:7: 791 daAuts
  Lair:2: 781 daAuts
     D:4: 755 daAuts
